 Dungeon Sprint DCSS version 0.30-a0-272-gf98c3da03f (webtiles) character file.

Game seed: 17893087529757210386

442 Low2 the Fighter (level 7, -12/70 HPs)
             Began as a Hill Orc Fighter on Oct 15, 2022.
             Was a Believer of Uskayaw.
             Mangled by a slime creature (15 damage)
             ... in the Dungeon (Sprint I: "Red Sonja").
             The game lasted 00:02:04 (285 turns).

Low2 the Fighter (Hill Orc Fighter)                  Turns: 285, Time: 00:02:04

Health: -12/70     AC:  8    Str: 21    XL:     7   Next: 2%
Magic:  3/7        EV: 10    Int:  8    God:    Uskayaw [**....]
Gold:   335        SH:  6    Dex: 10    Spells: 6/6 levels left

rFire   . . .      SeeInvis .    a - +0 war axe
rCold   . . .      Faith    .    c - +0 buckler
rNeg    . . .      Spirit   .    b - +0 scale mail
rPois   .          Reflect  .    (no helmet)
rElec   .          Harm     .    (no cloak)
rCorr   .          Rampage  .    (no gloves)
Will    .....      NoTele   +    (no boots)
Stlth   ..........               (no amulet)
HPRegen 0.31/turn                (no ring)
MPRegen 0.10/turn                (no ring)

@: no status effects
A: no striking features
a: Renounce Religion, Stomp, Line Pass


You were in the Dungeon.
You worshipped Uskayaw.
Uskayaw was noncommittal.
You visited 1 branch You collected 335 gold pieces.

Inventory:

Hand Weapons
 a - a +0 war axe (weapon)
Armour
 b - a +0 scale mail (worn)
 c - a +0 buckler (worn)
Wands
 f - a wand of flame (12) (quivered)
Scrolls
 j - a scroll of blinking
Potions
 g - a potion of haste
 h - 2 potions of magic
 i - a potion of berserk rage


   Skills:
 + Level 9.4 Fighting
 + Level 8.7 Axes
 + Level 8.3 Armour
 + Level 1.1 Dodging
 + Level 9.0 Shields
 + Level 2.6 Evocations


You had 6 spell levels left.
You didn't know any spells.
Your spell library was empty.

Dungeon Overview and Level Annotations

Branches:
Dungeon (1/1)

Altars:
Cheibriados
Dithmenos
Elyvilon
Fedhas
Gozag
Hepliaklqana
Kikubaaqudgha
Makhleb
Nemelex Xobeh
Okawaru
Qazlal
Ru
Sif Muna
Trog
Uskayaw
Vehumet
Wu Jian
Xom
Yredelemnul
Zin
The Shining One
Jiyva
Lugonu

Shops:
D (


Message History

Aiming: Throw Flame
Press: ? - help, Q - select action, (/) - cycle Shift-Dir - straight line, f/p - slime creature
Aim: a slime creature (lightly wounded, 94% to hit)
The puff of flame hits the slime creature!
The slime creature is moderately wounded.
The slime creature hits you!
You slash the slime creature!
The slime creature is heavily wounded.
The slime creature hits you!
You can now pass through a line of other dancers.
You slash the slime creature!
The slime creature is heavily wounded.
The slime creature hits you!
* * * LOW HITPOINT WARNING * * *
You feel better. The slime creature closely misses you.
You slash the slime creature!
The slime creature is severely wounded.
The slime creature closely misses you.
You barely miss the slime creature.
The slime creature is severely wounded.
The slime creature hits you but does no damage.
You hit the slime creature.
The slime creature is severely wounded.
The slime creature hits you!
* * * LOW HITPOINT WARNING * * *
Uskayaw will force your foes to helplessly watch your dance.
Uskayaw prepares the audience for your solo!
Aiming: Line Pass
Press: ? - help, Dir - move target, p - slime creature The slime creature appears confused.
The slime creature is no longer paralysed.
You slash the slime creature!
The slime creature is almost dead.
The slime creature seems less confused.
The slime creature hits you.
* * * LOW HITPOINT WARNING * * *
You block the slime creature's attack.
You hit the slime creature but do no damage.
The slime creature is almost dead.
The slime creature hits you!
You die...

###################
#<.#..)..#..'..#J_#
#..').#..').#..'@.+
#..#####'#####'#__#
#..####..#...#.####
#..#__####..##.#
#..#_____##'#_.+
#⌠⌠#_.∩...†..._#
####_..__##_.#'#
#_____###+#.#
####### ###


You could see a slime creature.

Vanquished Creatures
  Sigmund (D)
  A yak (D)
  An ogre (D)
  A jelly (D)
  Ijyb (D)
5 creatures vanquished.

Notes
Turn   | Place    | Note
-------+----------+-------------------------------------------
     0 | D        | Low2 the Hill Orc Fighter began the quest for the Orb.
     0 | D        | Reached XP level 1. HP: 19/19 MP: 1/1
     2 | D        | Noticed Ijyb
    12 | D        | Killed Ijyb
    13 | D        | Reached skill level 5 in Fighting
    13 | D        | Reached XP level 2. HP: 29/29 MP: 2/2
    13 | D        | Reached XP level 3. HP: 36/36 MP: 3/3
    17 | D        | Noticed an ogre
    22 | D        | Killed an ogre
    23 | D        | Reached skill level 5 in Axes
    23 | D        | Reached XP level 4. HP: 22/45 MP: 4/4
   107 | D        | Noticed Sigmund
   113 | D        | Killed Sigmund
   114 | D        | Reached skill level 1 in Evocations
   114 | D        | Reached XP level 5. HP: 50/55 MP: 5/5
   114 | D        | Reached XP level 6. HP: 56/62 MP: 6/6
   129 | D        | Found an ornate altar of the Wu Jian Council.
   129 | D        | Found a shimmering blue altar of Sif Muna.
   131 | D        | Found a radiant altar of Vehumet.
   162 | D        | Found Hufeil's Weapon Emporium.
   162 | D        | Found an ancient bone altar of Kikubaaqudgha.
   162 | D        | Found a hazy altar of Hepliaklqana.
   162 | D        | Found a stormy altar of Qazlal.
   162 | D        | Found a hide-covered altar of Uskayaw.
   162 | D        | Found a blossoming altar of Fedhas.
   162 | D        | Found a bloodstained altar of Trog.
   162 | D        | Found an iron altar of Okawaru.
   162 | D        | Found a basalt altar of Yredelemnul.
   162 | D        | Found a glowing golden altar of the Shining One.
   162 | D        | Found a snail-covered altar of Cheibriados.
   162 | D        | Found a sacrificial altar of Ru.
   162 | D        | Found a glowing silver altar of Zin.
   162 | D        | Found a shadowy altar of Dithmenos.
   162 | D        | Found a white marble altar of Elyvilon.
   162 | D        | Noticed a yak
   169 | D        | Killed a yak
   170 | D        | Reached skill level 1 in Dodging
   170 | D        | Reached XP level 7. HP: 45/70 MP: 7/7
   170 | D        | Found an opulent altar of Gozag.
   171 | D        | Found a sparkling altar of Nemelex Xobeh.
   251 | D        | Became a worshipper of Uskayaw the Reveller
   271 | D        | Found a burning altar of Makhleb.
   271 | D        | Found a viscous altar of Jiyva.
   271 | D        | Found a shimmering altar of Xom.
   271 | D        | Found a corrupted altar of Lugonu.
   271 | D        | Noticed a slime creature
   275 | D        | Reached * piety under Uskayaw
   277 | D        | Reached ** piety under Uskayaw
   282 | D        | Reached *** piety under Uskayaw
   284 | D        | HP: 2/70 [slime creature (3)]
   285 | D        | Mangled by a slime creature

Illustrated notes

Levels and vault maps discovered:
D:        dungeon_sprint_1 [red_sonja_temple_1, red_sonja_temple_small_1]

Skill      XL: |  1  2  3  4  5  6 |
---------------+-------------------+-----
Fighting       | 5 6 8 9 |  9.4
Axes           | 4 5 7 8 |  8.7
Armour         | 4 6 7 8 |  8.3
Shields        | 4 6 8 9 |  9.0
Evocations     | 1 2 |  2.6
Dodging        | 1 |  1.1

Action                   |  1- 3 |  4- 6 |  7- 9 || total
-------------------------+-------+-------+-------++-------
Melee: War axe           |    12 |     4 |     9 ||    25
Invok: Line Pass         |       |       |     1 ||     1
Evoke: Wand              |       |    11 |     3 ||    14
  Use: Potion            |     2 |       |     1 ||     3
Armor: Scale mail        |     4 |       |     2 ||     6
Dodge: Dodged            |     2 |     3 |     2 ||     7
Block: Buckler           |     4 |     2 |     1 ||     7

Table legend: (Time is in decaauts)
 A = Elapsed time spent in this place.
 B = Non-inter-level travel time spent in this place.
 C = Inter-level travel time spent in this place.
 D = Time resting spent in this place.
 E = Time spent auto-exploring this place.
 F = Levels seen in this place.
 G = Mean time per level.
                   A        B        C        D        E       F      G
               +--------+--------+--------+--------+--------+-----+--------+
         Total |    291 |    291 |      0 |    147 |      0 |   1 |  291.0 |
       Dungeon |    291 |    291 |      0 |    147 |      0 |   1 |  291.0 |
               +--------+--------+--------+--------+--------+-----+--------+

Top non-repeatable levels by time:
       D: 291 daAuts
